Map: Interloper LE

Players

IIIIIIIIIIII - Winner!

  • Race: Protoss Protoss
  • League: Grandmaster
  • Spawn Location: 5:00

NORTHAMERICA

  • Race: Protoss Protoss
  • League: Grandmaster
  • Spawn Location: 11:00

VOD

Have the link to the VOD?

Description

Time

  • Played on: Aug. 30, 2017, 3:25 a.m.
  • Length: 7:39
Show
View Real Time Build Order
Export as new Build Order

IIIIIIIIIIII Protoss - Winner!

Build Orders:  

Get SALT Encoding   

  12  0:01  Probe (Chrono Boost)  
  13  0:11  Probe (Chrono Boost)  
  14  0:17  Pylon  
  14  0:22  Probe (Chrono Boost)  
  15  0:35  Probe (Chrono Boost)  
  16  0:37  Gateway  
  16  0:46  Probe (Chrono Boost)  
  16  0:47  Assimilator  
  17  0:52  Assimilator  
  17  0:56  Probe (Chrono Boost)  
  18  1:07  Probe (Chrono Boost)  
  18  1:10  Gateway  
  19  1:17  Probe (Chrono Boost)  
  20  1:24  Cybernetics Core  
  20  1:28  Probe (Chrono Boost)  
  21  1:34  Pylon  
  21  1:38  Probe (Chrono Boost)  
  22  1:49  Probe (Chrono Boost)  
  23  2:00  Stalker x2  
  27  2:03  Warp Gate (Chrono Boost)  
  27  2:08  Mothership Core (Chrono Boost)  
  29  2:15  Pylon  
  29  2:27  Probe (Chrono Boost)  
  30  2:33  Stalker  
  30  2:34  Sentry  
  34  2:54  Nexus  
  34  2:59  Pylon  
  34  3:12  Robotics Facility  
  34  3:14  Probe (Chrono Boost)  
  35  3:25  Probe (Chrono Boost)  
  36  3:32  Twilight Council  
  36  3:36  Probe (Chrono Boost)  
  37  3:46  Probe (Chrono Boost)  
  38  3:57  Probe (Chrono Boost)  
  38  3:58  Immortal (Chrono Boost)  
  43  4:03  Resonating Glaives (Chrono Boost)  
  43  4:05  Probe (Chrono Boost)  
  43  4:08  Probe (Chrono Boost)  
  45  4:17  Probe (Chrono Boost)  
  45  4:20  Probe (Chrono Boost)  
  47  4:28  Probe (Chrono Boost)  
  47  4:30  Gateway  
  47  4:31  Probe (Chrono Boost)  
  49  4:38  Immortal (Chrono Boost)  
  53  4:39  Probe (Chrono Boost)  
  53  4:43  Probe (Chrono Boost)  
  55  4:50  Probe  
  55  4:51  Gateway  
  55  4:52  Gateway  
  56  4:55  Gateway  
  56  5:00  Gateway  
  56  5:12  Gateway  
  56  5:13  Warp Prism (Chrono Boost)  
  58  5:15  Pylon  
  58  5:18  Sentry x2  
  62  5:22  Pylon  
  62  5:34  Pylon  
  62  5:42  Adept, Sentry x2  
  68  5:52  Adept x2  
  68  5:53  Adept  
  74  5:58  Pylon  
  74  6:00  Pylon  
  74  6:11  Adept x2  
  74  6:12  Adept x4  
  86  6:21  Adept  
  86  6:22  Adept  
  90  6:32  Adept x2  
  92  6:36  Adept  
  80  6:51  Adept  
  80  6:52  Adept x3  
  70  7:06  Adept x2  
  70  7:07  Adept  
  66  7:22  Adept  
  66  7:23  Adept x2  
  66  7:24  Zealot x2  
Show
View Real Time Build Order
Export as new Build Order

NORTHAMERICA Protoss 

Build Orders:  

Get SALT Encoding   

  12  0:01  Probe (Chrono Boost)  
  13  0:11  Probe (Chrono Boost)  
  14  0:18  Pylon  
  14  0:22  Probe (Chrono Boost)  
  15  0:36  Probe (Chrono Boost)  
  15  0:37  Gateway  
  16  0:47  Probe (Chrono Boost)  
  17  0:50  Assimilator  
  17  0:55  Assimilator  
  17  0:57  Probe (Chrono Boost)  
  18  1:08  Probe (Chrono Boost)  
  19  1:12  Gateway  
  19  1:19  Probe (Chrono Boost)  
  19  1:24  Cybernetics Core  
  20  1:29  Probe (Chrono Boost)  
  21  1:36  Pylon  
  22  1:40  Probe (Chrono Boost)  
  22  1:50  Probe (Chrono Boost)  
  23  2:01  Stalker x2  
  26  2:04  Mothership Core (Chrono Boost)  
  29  2:13  Warp Gate (Chrono Boost)  
  29  2:18  Pylon  
  30  2:22  Probe (Chrono Boost)  
  30  2:36  Stalker x2  
  34  2:37  Probe  
  35  3:02  Nexus  
  35  3:08  Pylon  
  35  3:11  Probe (Chrono Boost)  
  36  3:15  Sentry  
  38  3:23  Probe (Chrono Boost)  
  38  3:26  Sentry  
  41  3:32  Robotics Facility  
  41  3:37  Probe (Chrono Boost)  
  42  3:47  Probe (Chrono Boost)  
  43  3:50  Twilight Council  
  43  3:58  Probe (Chrono Boost)  
  43  4:01  Pylon  
  44  4:08  Probe (Chrono Boost)  
  44  4:09  Sentry  
  47  4:15  Probe (Chrono Boost)  
  48  4:19  Probe (Chrono Boost)  
  49  4:25  Probe (Chrono Boost)  
  49  4:29  Probe (Chrono Boost)  
  49  4:30  Forge  
  51  4:36  Probe (Chrono Boost)  
  51  4:37  Immortal (Chrono Boost)  
  56  4:40  Probe (Chrono Boost)  
  57  4:46  Probe (Chrono Boost)  
  57  4:50  Probe (Chrono Boost)  
  59  4:57  Probe (Chrono Boost)  
  60  5:00  Gateway  
  60  5:02  Gateway  
  60  5:04  Probe (Chrono Boost)  
  61  5:09  Assimilator  
  61  5:13  Assimilator  
  61  5:16  Pylon  
  61  5:25  Robotics Bay  
  61  5:29  Gateway  
  61  5:32  Photon Cannon  
  61  5:34  Photon Cannon  
  61  5:42  Photon Cannon  
  61  5:47  Photon Cannon, Probe  
  61  5:48  Pylon  
  62  5:57  Photon Cannon  
  62  6:00  Adept  
  62  6:01  Adept  
  66  6:10  Probe  
  67  6:13  Disruptor (Chrono Boost)  
  70  6:24  Adept x2  
  70  6:25  Adept  
  74  6:38  Adept x2  
  78  6:46  Disruptor (Chrono Boost)  
  67  6:51  Adept x2  
  67  6:52  Adept  
  58  7:02  Probe  
  58  7:08  Adept x2  
  46  7:26  Adept x2  
  42  7:35  Adept  
Tags
 
Add a new tag
Caveats
  • Supply blocks, unpowered buildings, or Contaminate may cause inaccurate times.
  • Supply counts are checked every 10 seconds.